 Dungeon Crawl Stone Soup version 0.30.1-3-gfc49f6343a (webtiles) character file.

Game seed: 4301012527246038804

522 Almogavar the Covered (level 7, -13/43 HPs)
             Began as a Gargoyle Fighter on July 19, 2023.
             Was an Initiate of Okawaru.
             Mangled by an ogre
             ... wielding a +0 giant club
              (19 damage)
             ... on level 3 of the Dungeon.
             The game lasted 00:13:55 (3802 turns).

Almogavar the Covered (Gargoyle Fighter)            Turns: 3802, Time: 00:13:56

Health: -13/43     AC: 14    Str: 22    XL:     7   Next: 22%
Magic:  7/7        EV: 10    Int:  8    God:    Okawaru [......]
Gold:   290        SH:  4    Dex:  9    Spells: 6/6 levels left

rFire   . . .        v - +1 whip (venom)
rCold   . . .        c - +0 buckler
rNeg    + . .        b - +0 scale mail
rPois   ∞            (no helmet)
rElec   +            q - +0 cloak
rCorr   .            (no gloves)
SInv    +            y - +0 pair of boots
Will    .....        s - amulet of magic regeneration Stlth
                     m - ring of see invisible
HPRegen 0.27/turn    (no ring)
MPRegen 0.50/turn

%: no passive effects
@: mighty
A: sickness immunity, AC +4, negative energy resistance 1, electricity
resistance, torment resistance 1, petrification resistance
a: Renounce Religion


You were on level 3 of the Dungeon.
You worshipped Okawaru.
Okawaru was noncommittal.
You visited 2 branches of the dungeon, and saw 6 of its levels.

You collected 312 gold pieces.
You spent 22 gold pieces at shops.

Inventory:

Hand Weapons
 v - a +1 whip of venom (weapon)
Armour
 b - a +0 scale mail (worn)
 c - a +0 buckler (worn)
 q - a +0 cloak (worn)
 y - a +0 pair of boots (worn)
Jewellery
 a - a ring of flight
 m - a ring of see invisible (left hand)
 s - an amulet of magic regeneration (around neck)
Scrolls
 e - 2 scrolls of fear
 h - 6 scrolls of immolation
 i - a scroll of torment {unknown}
 j - a scroll of vulnerability {unknown}
 k - 2 scrolls of blinking {unknown}
 l - a scroll of amnesia {unknown}
 n - 2 scrolls of poison {unknown}
 p - 3 scrolls of fog {unknown}
 r - 2 scrolls of magic mapping {unknown}
 u - a scroll of brand weapon {unknown}
 w - a scroll of noise {unknown}
Potions
 f - 3 potions of curing {unknown}
 g - a potion of magic
 o - 2 potions of lignification {unknown}
 t - 2 potions of invisibility
 x - 2 potions of attraction
 z - a potion of haste


   Skills:
 + Level 4.0 Fighting
 + Level 4.7 Maces & Flails
 + Level 5.5 Armour
 + Level 2.0 Dodging
 + Level 4.2 Shields


You had 6 spell levels left.
You didn't know any spells.
Your spell library contained the following spells:

 Spells                   Type           Power      Damage    Failure   Level
 Dispel Undead            Necr           0%         3d6       100%        4
 Manifold Assault         Tloc           0%         N/A       100%        4
 Dispersal                Tloc           0%         N/A       100%        6
 Disjunction              Tloc           0%         N/A       100%        8
 Cigotuvi's Dreadful Rot  Necr/Pois/Air  Unusable   N/A       N/A         2
 Death Channel            Necr           Unusable   N/A       N/A         6

Dungeon Overview and Level Annotations

Branches:
Dungeon (5/15)             Temple (1/1) D:5

Altars:
Ashenzari
Cheibriados
Dithmenos
Elyvilon
Fedhas
Kikubaaqudgha
Makhleb
Okawaru
Qazlal
Ru
Sif Muna
Vehumet
Wu Jian
Yredelemnul
Zin
The Shining One

Shops:
D:1 (![=?   D:2 *   D:5 (

Annotations:
D:3 1 transporter, Synoecium's ghost, amateur DsGl
D:4 3 runed translucent doors, raetorn's ghost, amateur AtFi
D:5 3 runed translucent doors, MajorAdolf's ghost, novice NaWn


Innate Abilities, Weirdness & Mutations

You are immune to sickness and miasma.
Your stone body is resilient. (AC +4)
You are immune to poison.
You resist negative energy. (rN+)
You are resistant to electric shocks. (rElec)
You are resistant to unholy torment.
You are immune to petrification.


Message History

The ogre is moderately wounded.
The ogre hits you but does no damage.
You hit the ogre.
The ogre is poisoned.
The ogre is heavily wounded.
The ogre hits you with a +0 giant spiked club!
You whack the ogre!
The ogre is almost dead.
The ogre hits you with a +0 giant club!
You are too injured to fight recklessly!
You are too injured to fight recklessly!
Unknown command.
You are too injured to fight recklessly!
You whack the ogre!
You kill the ogre!
Okawaru accepts your kill. You block the ogre's attack.
You feel very mighty all of a sudden. You block Synoecium's ghost's attack.
You hit Synoecium's ghost.
Synoecium's ghost is lightly damaged.
Synoecium's ghost hits you but does no damage.
The ogre hits you with a +0 giant club.
You barely miss Synoecium's ghost.
Synoecium's ghost is lightly damaged.
Synoecium's ghost hits you.
* * * LOW HITPOINT WARNING * * *
You whack Synoecium's ghost!
Synoecium's ghost is heavily damaged.
The ogre hits you but does no damage.
Synoecium's ghost hits you but does no damage.
You closely miss Synoecium's ghost.
Synoecium's ghost is heavily damaged.
Synoecium's ghost closely misses you. You block the ogre's attack.
You whack Synoecium's ghost!
Synoecium's ghost is severely damaged.
Synoecium's ghost hits you.
* * * LOW HITPOINT WARNING * * *
The ogre attacks as you move away!
The ogre hits you with a +0 giant club!!
You die...

#.######..##.### ##
#..............########
##.....©.©.............
######################
##.....)$....##
#.#..#.#..#.#
#..##...##..#
#..##W..##..#
#.#.@#.#..#.#
#©...O©.....#
############# #.# #.#
#.######## #####
#........# #...###
##..#.###.###
#.....#####...#.#......


You could see an ogre and Synoecium's ghost.

Vanquished Creatures
  An ogre (D:3)
  A bullfrog (D:4)
  A scorpion (D:5)
  A gnoll bouda (D:4)
  2 hounds (D:4)
  A sleepcap (D:4)
  An iguana (D:4)
  3 gnolls
  8 adders
  A white imp (D:5)
  A dart slug (D:4)
  7 orcs
  6 bats
  3 endoplasms
  A giant cockroach (D:2)
  12 goblins
  2 hobgoblins (D:1)
  2 jackals (D:4)
  10 kobolds
  A quokka (D:4)
  8 ball pythons
  4 frilled lizards
  2 rats
79 creatures vanquished.

Notes
Turn   | Place    | Note
-------+----------+-------------------------------------------
     0 | D:1      | Almogavar the Gargoyle Fighter began the quest for the Orb.
     0 | D:1      | Reached XP level 1. HP: 14/14 MP: 1/1
    11 | D:1      | Found Wettoabi's Antique Weapon Boutique.
    12 | D:1      | Found Nuewnah's Distillery.
    13 | D:1      | Found Zytaanel's Armour Shoppe.
    83 | D:1      | Reached XP level 2. HP: 11/19 MP: 2/2
   173 | D:1      | Found Muceshar's Magic Scroll Shop.
   233 | D:1      | Bought a scroll of identify for 22 gold pieces
   275 | D:1      | Found Melowus's Jewellery Shop.
   764 | D:2      | Reached XP level 3. HP: 24/24 MP: 3/3
   930 | D:2      | Found Iqeus's General Store.
  1445 | D:2      | You fall into a shaft and drop 2 floors!
  1476 | D:4      | Reached XP level 4. HP: 25/29 MP: 4/4
  1629 | D:3      | Reached skill level 4 in Armour
  2192 | D:3      | Found a glowing silver altar of Zin.
  2208 | D:3      | Found a transporter.
  2208 | D:3      | Identified the +4 great mace of the Unbearable God {holy,
                  | rPois}
  2208 | D:3      | Noticed an ogre
  2209 | D:3      | Noticed Synoecium's ghost (amateur DsGl)
  2209 | D:3      | Noticed an ogre
  2211 | D:3      | Noticed an ogre
  2418 | D:4      | Noticed a bullfrog
  2426 | D:4      | Killed a bullfrog
  2427 | D:4      | Reached skill level 1 in Dodging
  2427 | D:4      | Reached XP level 5. HP: 24/33 MP: 5/5
  2592 | D:4      | Reached XP level 6. HP: 38/38 MP: 6/6
  2710 | D:4      | Reached skill level 5 in Armour
  2883 | D:4      | Found a runed translucent gate.
  2883 | D:4      | Noticed raetorn's ghost (amateur AtFi)
  2884 | D:4      | Found a runed translucent gate.
  2885 | D:4      | Found a runed translucent gate.
  2940 | D:5      | Entered Level 5 of the Dungeon
  2940 | D:5      | Found a staircase to the Ecumenical Temple.
  3065 | Temple   | Entered the Ecumenical Temple
  3078 | Temple   | Became a worshipper of Warmaster Okawaru
  3202 | D:5      | Found a shadowy altar of Dithmenos.
  3243 | D:5      | Reached XP level 7. HP: 39/43 MP: 7/7
  3340 | D:5      | Found a glowing golden altar of the Shining One.
  3380 | D:5      | Found Bokk's Weapon Boutique.
  3383 | D:5      | Found a stormy altar of Qazlal.
  3461 | D:5      | Found a burning altar of Makhleb.
  3485 | D:5      | Found a snail-covered altar of Cheibriados.
  3568 | D:5      | Found a runed translucent gate.
  3569 | D:5      | Found a runed translucent gate.
  3570 | D:5      | Found a runed translucent gate.
  3571 | D:5      | Noticed MajorAdolf's ghost (novice NaWn)
  3788 | D:3      | Found a transporter.
  3802 | D:3      | Mangled by an ogre

Illustrated notes

Levels and vault maps discovered:
D:1:      amcnicky_arrival_blooded_trapdoor, layout_basic, serial_shops, shop,
          shop, nicolae_shop_stone, shop, shop
D:2:      layout_loops_ring, serial_shops, nicolae_shop_advertising_works
          [nicolae_subvault_shop_adworks]
D:3:      layout_loops_corners, zin_statuary, gammafunk_ghost_smash,
          serial_bayou_lagoon_a
D:4:      layout_rooms, biasface_ghost_orc_armoury
D:5:      layout_rooms, lemuel_crystal_altar, lemuel_doored_altar,
          mainiacjoe_overflow_cross_hatched, mainiacjoe_overflow_big_doors,
          minmay_temple_entry_trees, serial_shops, shop,
          gammafunk_ghost_necromancy
Temple:   nicolae_temple_ecumenical_triangle

Skill      XL: |  1  2  3  4  5  6 |
---------------+-------------------+-----
Armour         | 4 5 |  5.5
Maces & Flails | 3 4 |  4.7
Dodging        | 1 2 |  2.0
Shields        | 4 |  4.2
Fighting       | 4 |  4.0

Action                     |  1- 3 |  4- 6 |  7- 9 || total
---------------------------+-------+-------+-------++-------
  Melee: Flail             |   121 |       |       ||   121
         Whip              |     6 |   146 |    18 ||   170
    Use: Scroll            |     2 |     4 |       ||     6
         Potion            |       |       |     1 ||     1
 Armour: Scale mail        |    85 |    92 |     7 ||   184
  Dodge: Dodged            |    65 |    74 |     3 ||   142
  Block: Buckler           |    28 |    37 |     3 ||    68
